 Dungeon Sprint DCSS version 0.31-a0-1027-gfb7600b534 (webtiles) character file.

Game seed: 129347685644940618

2456 Conn the Arsonist (level 9, -1/57 HPs)
             Began as an Octopode Fire Elementalist on Nov 18, 2023.
             Was a Priest of Sif Muna.
             Succumbed to a death drake's dark miasma
             ... in the Dungeon (Sprint II: "The Violet Keep of Menkaure").
             The game lasted 00:06:42 (733 turns).

Conn the Arsonist (Octopode Fire Elementalist)       Turns: 733, Time: 00:06:43

Health: -1/57      AC:  1    Str:  8    XL:     9   Next: 50%
Magic:  1/24       EV: 15    Int: 21    God:    Sif Muna [***...]
Gold:   888        SH:  0    Dex: 12    Spells: 21/31 levels left

rFire   + . .        (no weapon)
rCold   + . .        (no shield)
rNeg    . . .        (helmet restricted)
rPois   +            q - amulet of guardian spirit
rElec   +            (no ring)
rCorr   +            (no ring)
SInv    .            (no ring)
Will    .....        (no ring)
Stlth   +++++        (no ring)
HPRegen 0.29/turn    (no ring)
MPRegen 0.19/turn    (no ring)
                     (no ring)

%: no teleportation, guardian spirit
@: lethally poisoned (-1 -> -13), resistant, slowed, very slow
A: almost no armour, amphibious, 8 rings, camouflage 1, gelatinous body 1,
nimble swimmer 1, tentacles
a: Renounce Religion, Channel Magic, Forget Spell


You were in the Dungeon.
You worshipped Sif Muna.
Sif Muna was most pleased with you.
You visited 1 branch You collected 888 gold pieces.

Inventory:

Jewellery
 q - an amulet of guardian spirit (around mantle)
Scrolls
 d - 2 scrolls of identify {unknown}
 f - 4 scrolls of blinking
 g - 2 scrolls of fear {unknown}
 j - a scroll of enchant armour {unknown}
 k - a scroll of revelation {unknown}
 l - a scroll of poison {unknown}
 m - a scroll of amnesia {unknown}
 n - 2 scrolls of vulnerability {unknown}
 o - a scroll of acquirement {unknown}
Potions
 a - 5 potions of magic
 b - 4 potions of curing
 e - 2 potions of brilliance {unknown}
 h - a potion of resistance
 i - 3 potions of enlightenment {unknown}
 p - a potion of might {unknown}


   Skills:
 + Level 3.2 Fighting
 + Level 6.2 Dodging
 - Level 5.5 Stealth
 * Level 11.5 Spellcasting
 * Level 8.3 Conjurations
 + Level 1.9 Hexes
 + Level 12.0 Fire Magic
 * Level 7.1 Invocations


You had 21 spell levels left.
You knew the following spells:

 Your Spells              Type           Power      Damage    Failure   Level
a - Foxfire               Conj/Fire      100%       2x1d9     1%          1
b - Scorch                Fire           100%       2d9       1%          2
c - Inner Flame           Hex/Fire       41%        N/A       1%          3
d - Flame Wave            Conj/Fire      53%        2d13      1%          4

Your spell library contained the following spells:

 Spells                   Type           Power      Damage    Failure   Level
 Volatile Blastmotes      Fire/Tloc      74%        2d16      1%          3
 Ignite Poison            Fire/Tmut/Pois 28%        N/A       3%          3
 Cigotuvi's Dreadful Rot  Necr/Pois/Air  24%        N/A       9%          2
 Freezing Cloud           Conj/Ice/Air   11%        6-21      45%         5


Dungeon Overview and Level Annotations

Branches:
Dungeon (1/1)

Altars:
Cheibriados
Dithmenos
Elyvilon
Fedhas
Gozag
Hepliaklqana
Kikubaaqudgha
Makhleb
Nemelex Xobeh
Okawaru
Qazlal
Ru
Sif Muna
Trog
Uskayaw
Vehumet
Wu Jian
Xom
Yredelemnul
Zin
The Shining One
Jiyva
Lugonu

Annotations:
D exclusion: ice statue, Roxanne


Innate Abilities, Weirdness & Mutations

You cannot wear most types of armour.
You are amphibious.
You can wear up to eight rings at the same time.
Your skin changes colour to match your surroundings (Stealth+).
Your rubbery body absorbs attacks. (AC +1, EV +1)
You are camouflaged when in or above water. (Stealth+)
You have tentacles for arms and can constrict up to eight enemies at once.


Message History

The death drake breathes miasma at you. The foul vapour misses you.
The death drake is engulfed in blazing flames.
Flame seeps out of the death drake.
Unknown command.
Unknown command.
Casting: Scorch (safe; 1% risk of failure)
Confirm with . or Enter, or press ? or * to list all spells.
Flames lash the death drake.
Flame seeps out of the death drake.
The death drake is moderately wounded.
You feel very sick.
You hear an angry growl.
The death drake is engulfed in blazing flames.
Flame seeps out of the death drake.
The death drake barely misses you.
Unknown command.
Unknown command.
Casting: Scorch (safe; 1% risk of failure)
Confirm with . or Enter, or press ? or * to list all spells.
Flames lash the death drake.
The death drake is burned terribly!
Flame seeps out of the death drake.
The death drake is severely wounded.
You feel very sick. The death drake bites you.
The death drake breathes miasma at you. The foul vapour engulfs you!
You are more poisoned.
You feel as though you will be slow longer.
You feel better.
You are engulfed in dark miasma.
You are poisoned.
You feel extremely sick. The death drake bites you. The death drake bites you!
* * * LOW HITPOINT WARNING * * *
Unknown command.
Unknown command.
Unknown command.
You feel protected.
You are engulfed in dark miasma.
You feel as though you will be slow longer.
* * * LOW HITPOINT WARNING * * *
You die...

#:[▓)....)))▓▓
+.####[)▓)(...(.(▓▓ ...#
...####▓...[.)..▓▓ ..## #..#
$#▓..))[...▓▓ #..# +..#
y#▓.....)..▓▓ # #..# #^.#
.#▓(...(.(.▓▓ +
+..####..##.#▓.(.(...[▓▓ #
#....###...##▓▓▓▓▓▓▓'▓▓▓▓+▓ #
##......~§~)k@~~~~~~~...≈≈≈▓
####~~.....~#§########'###.≈≈≈▓
.#~~~~~§~..~#....._._#~~~##≈≈≈▓
##§~~§§~~~.~#...._._.#~~≈≈####▓▓
#~~~≈≈≈~~~~~#..._._._#~§~~≈##..#
~~§~~≈§≈§§~~#.._._._.#~~~≈≈≈#§.#
++#~≈≈§§≈≈≈~#._._._._#§~~§~≈†..+
##≈≈≈###≈≈#_._._._.#~~~~≈[#..#
##§§# #§§#._._._..#~~≈≈≈≈▓§.#


You could see a death drake (inner flame, combustible).

Vanquished Creatures
  2 deep trolls (D)
  A yaktaur (D)
  2 polar bears (D)
  A hornet (D)
  4 water moccasins (D)
  A swamp drake (D)
  4 necrophages (D)
  2 worms (D)
17 creatures vanquished.

Vanquished Creatures (others)
  Menkaure (D)
  10 foxfires (D)
  4 tentacles (D)
15 creatures vanquished.

Grand Total: 32 creatures vanquished

Notes
Turn   | Place    | Note
-------+----------+-------------------------------------------
     0 | D        | Conn the Octopode Fire Elementalist began the quest for the
                  | Orb.
     0 | D        | Reached XP level 1. HP: 11/11 MP: 3/3
     1 | D        | Noticed a merfolk siren
     4 | D        | Noticed a necrophage
     4 | D        | Noticed a necrophage
     4 | D        | Noticed a necrophage
     4 | D        | Noticed a necrophage
    14 | D        | Killed a necrophage
    15 | D        | Reached skill level 5 in Fire Magic
    15 | D        | Reached XP level 2. HP: 13/17 MP: 4/7
    15 | D        | Reached XP level 3. HP: 16/21 MP: 4/8
    15 | D        | Reached XP level 4. HP: 21/27 MP: 5/10
    18 | D        | Killed a necrophage
    19 | D        | Reached skill level 5 in Spellcasting
    19 | D        | Reached skill level 6 in Fire Magic
    19 | D        | Reached XP level 5. HP: 22/31 MP: 5/12
    23 | D        | Reached skill level 7 in Fire Magic
    25 | D        | Reached skill level 5 in Stealth
    25 | D        | Reached skill level 8 in Fire Magic
    25 | D        | Reached XP level 6. HP: 10/36 MP: 5/15
    38 | D        | Learned a level 2 spell: Scorch
    42 | D        | Learned a level 3 spell: Inner Flame
    47 | D        | Learned a level 4 spell: Flame Wave
    48 | D        | Killed Menkaure
    73 | D        | Noticed an ice statue
    83 | D        | Found a snail-covered altar of Cheibriados.
    83 | D        | Found a hazy altar of Hepliaklqana.
    84 | D        | Found a shadowy altar of Dithmenos.
    84 | D        | Found a viscous altar of Jiyva.
    85 | D        | Found a white marble altar of Elyvilon.
    85 | D        | Found an ancient bone altar of Kikubaaqudgha.
    86 | D        | Found a blossoming altar of Fedhas.
    86 | D        | Found a corrupted altar of Lugonu.
    86 | D        | Found a shimmering blue altar of Sif Muna.
    87 | D        | Found an opulent altar of Gozag.
    87 | D        | Found a burning altar of Makhleb.
    87 | D        | Found a bloodstained altar of Trog.
    87 | D        | Noticed a water moccasin
    88 | D        | Found a sparkling altar of Nemelex Xobeh.
    88 | D        | Found a hide-covered altar of Uskayaw.
    91 | D        | Killed a water moccasin
    92 | D        | Reached skill level 5 in Conjurations
    92 | D        | Found a basalt altar of Yredelemnul.
    93 | D        | Found an iron altar of Okawaru.
    93 | D        | Found a radiant altar of Vehumet.
    93 | D        | Found a glowing silver altar of Zin.
    93 | D        | Found a sacrificial altar of Ru.
    93 | D        | Found a shimmering altar of Xom.
    94 | D        | Found a stormy altar of Qazlal.
    94 | D        | Found an ornate altar of the Wu Jian Council.
    94 | D        | Found a glowing golden altar of the Shining One.
    97 | D        | Noticed a water moccasin
    98 | D        | Noticed a water moccasin
   103 | D        | Became a worshipper of Sif Muna the Loreminder
   118 | D        | Noticed a kraken
   249 | D        | Noticed a water moccasin
   256 | D        | Noticed a yaktaur
   256 | D        | Noticed a hornet
   256 | D        | Noticed a polar bear
   256 | D        | Noticed a polar bear
   268 | D        | Killed a polar bear
   268 | D        | Killed a hornet
   268 | D        | Killed a polar bear
   268 | D        | Reached * piety under Sif Muna
   268 | D        | Killed a yaktaur
   269 | D        | Reached skill level 5 in Dodging
   269 | D        | Reached skill level 1 in Hexes
   269 | D        | Reached skill level 10 in Fire Magic
   269 | D        | Reached skill level 5 in Invocations
   269 | D        | Reached XP level 7. HP: 16/45 MP: 3/19
   269 | D        | Reached XP level 8. HP: 19/51 MP: 3/21
   333 | D        | Noticed a death drake
   342 | D        | Reached ** piety under Sif Muna
   343 | D        | Reached skill level 11 in Fire Magic
   352 | D        | Noticed a flying skull
   355 | D        | Noticed a flying skull
   355 | D        | Noticed a flying skull
   355 | D        | Noticed a flying skull
   355 | D        | Noticed a flying skull
   356 | D        | Noticed a flying skull
   368 | D        | Noticed Roxanne
   522 | D        | Reached skill level 10 in Spellcasting
   554 | D        | Noticed a deep troll
   555 | D        | Noticed a deep troll
   565 | D        | Killed a deep troll
   566 | D        | Reached XP level 9. HP: 56/56 MP: 5/23
   566 | D        | Killed a deep troll
   566 | D        | Reached *** piety under Sif Muna
   567 | D        | Reached skill level 12 in Fire Magic
   733 | D        | Succumbed to a death drake's dark miasma

Illustrated notes

Levels and vault maps discovered:
D:        the_violet_keep_of_menkaure [sprint2_stairs_cluster_1,
          sprint2_shoproom, sprint2_temple, sprint2_basic_supplies,
          sprint2_obstacle_2, sprint2_obstacle_6, sprint2_obstacle_1,
          sprint2_obstacle_3, sprint2_obstacle_5, sprint2_timed_cluster_1,
          sprint2_smallroom_cluster_1, sprint2_smallroom_final_cluster_1,
          sprint2_transparent_cluster_1, sprint2_second_timed_cluster_1,
          sprint2_sniper_area_1, sprint2_heavy_combat_area_1,
          sprint2_mutation_trap_area_1, sprint2_forest_area_1,
          sprint2_light_combat_area_1, sprint2_behind_water_1,
          sprint2_near_end_vault_1]

Skill      XL: |  1  2  3  4  5  6  7  8  9 |
---------------+----------------------------+-----
Dodging        | 3 4 5 6 |  6.2
Stealth        | 3 4 5 |  5.5
Spellcasting   | 4 5 6 9 10 11 | 11.5
Conjurations   | 3 4 7 8 |  8.3
Fire Magic     | 5 6 8 10 11 12 | 12.0
Fighting       | 2 3 |  3.2
Hexes          | 1 |  1.9
Invocations    | 5 6 7 |  7.1

Action                     |  1- 3 |  4- 6 |  7- 9 || total
---------------------------+-------+-------+-------++-------
  Melee: Unarmed           |     7 |    11 |     5 ||    23
         Tentacles         |     1 |     5 |     2 ||     8
         Constrict         |     1 |     3 |       ||     4
   Cast: Scorch            |       |     6 |    16 ||    22
         Foxfire           |       |     4 |     2 ||     6
         Inner Flame       |       |     2 |     4 ||     6
         Flame Wave        |       |     1 |       ||     1
    Use: Potion            |     2 |     3 |     3 ||     8
 Armour: Skin              |     2 |    23 |    10 ||    35
  Dodge: Dodged            |     2 |    11 |     7 ||    20

Table legend: (Time is in decaauts)
 A = Elapsed time spent in this place.
 B = Non-inter-level travel time spent in this place.
 C = Inter-level travel time spent in this place.
 D = Time resting spent in this place.
 E = Time spent auto-exploring this place.
 F = Levels seen in this place.
 G = Mean time per level.
                   A        B        C        D        E       F      G
               +--------+--------+--------+--------+--------+-----+--------+
         Total |    726 |    726 |      0 |    304 |      0 |   1 |  726.0 |
       Dungeon |    726 |    726 |      0 |    304 |      0 |   1 |  726.0 |
               +--------+--------+--------+--------+--------+-----+--------+

Top non-repeatable levels by time:
       D: 726 daAuts
